 Dungeon Crawl Stone Soup version 0.32-a0-928-g1cae6b7ea0 (webtiles) character file.

Game seed: 6927626403149323513

66 kae the Changeling (level 3, -1/26 HPs)
             Began as a Demonspawn Shapeshifter on Apr 12, 2024.
             Slain by a ribbon worm (8 damage)
             ... on level 3 of the Dungeon.
             The game lasted 00:01:53 (1858 turns).

kae the Changeling (Demonspawn Shapeshifter)        Turns: 1858, Time: 00:01:54

Health: -1/26      AC:  2    Str: 14    XL:     3   Next: 96%
Magic:  3/3        EV: 11    Int: 10    God:
Gold:   118        SH:  0    Dex: 14    Spells: 2/2 levels left

rFire   . .          .
                       - Unarmed
rCold   . . .        (no shield)
rNeg    . . .        a - +0 animal skin
rPois   .            (helmet currently unavailable)
rElec   .            (cloak currently unavailable)
rCorr   .            (gloves currently unavailable)
SInv    .            (boots currently unavailable)
Will    .....        (no amulet)
Stlth   +            (no ring)
HPRegen 0.24/turn    (no ring)
MPRegen 0.08/turn

%: no passive effects
@: lethally poisoned (-1 -> -4), beast-form
A: beast (slay +2), antennae 2
a: Begin Untransformation


You were on level 3 of the Dungeon.
You were a hulking beast.
You visited 1 branch of the dungeon, and saw 3 of its levels.

You collected 118 gold pieces.


Innate Abilities, Weirdness & Mutations

You are a hulking beast.
Your limbs bulge with bestial killing power. (Slay +2)
You have a pair of antennae on your head.


   Skills:
 - Level 1.0 Fighting
 - Level 1.7 Dodging
 + Level 3.3 Unarmed Combat
 * Level 3.7 Shapeshifting


You had 2 spell levels left.
You didn't know any spells.
Your spell library contained the following spells:

 Spells                   Type           Power      Damage    Failure   Level
 Dazzling Flash           Conj/Hex       0%         N/A       75%         3
 Mephitic Cloud           Conj/Alch/Air  0%         N/A       75%         3
 Curse of Agony           Necr           0%         N/A       100%        5
 Silence                  Hex/Air        0%         N/A       100%        5

Inventory:

Missiles
 e - 8 stones (quivered)
 f - 5 atropa-tipped darts
 l - 4 boomerangs
Armour
 a - a +0 animal skin (worn)
Talismans
 c - a beast talisman (active)
 d - a flux talisman
Scrolls
 m - 3 scrolls of teleportation {@r4}
 p - a scroll of noise {unknown}
Potions
 b - 2 potions of lignification {!q}
 g - a potion of ambrosia {unknown}
 h - a potion of curing {unknown}
 i - a potion of cancellation {unknown}
 j - a potion of berserk rage {unknown}
 k - 2 potions of mutation {!q}
 n - a potion of heal wounds {unknown}
 o - a potion of haste {unknown}

Dungeon Overview and Level Annotations

Branches:
Dungeon (3/15) Zot: 16147

Altars:

Shops:
D:1 !   D:2 [(([

....>..........+
#######.#...####
#......#
######.# #.# #.#
#.# #.# { #h#
#...w...#
#.##.$...... #
###..#... ......
..... #####


You could see a ribbon worm.


Message History

Done exploring.
No target in view!
No target in view!
Done exploring.
No target in view!
No target in view!
Done exploring.
No target in view!
No target in view!
Done exploring.
Okay, then.
Done exploring.
Done exploring.
Done exploring.
There is a stone staircase leading down here.
You climb downwards.
There is a stone staircase leading up here.
A goblin is nearby!
A goblin is nearby!
A goblin is nearby!
A goblin is nearby!
The helpless goblin fails to defend itself.
You hit the goblin.
You kill the goblin!
No target in view!
No target in view!
No target in view!
There is a stone staircase leading up here.
p - a scroll labelled LUTAUL KOPIULADO No target in view!
No target in view!
You sense a monster nearby.
No target in view!
No target in view!
An endoplasm comes into view.
The endoplasm quivers.
The endoplasm misses you.
You hit the endoplasm. The endoplasm hits you. 😕 HP[-2]
You take 2 damage, and now have 24/26 hp.
An endoplasm is nearby!
You hit the endoplasm.
You kill the endoplasm!
No target in view! 😕 HP[+1]
Found an escape hatch in the ceiling. 😎 HP[+1]
Your hp is fully restored (26).
Key pressed, stopping explore.
No target in view!
No target in view!
No target in view!
No target in view!
There is an escape hatch in the ceiling here.
Found a stone staircase leading down.
You sense a monster nearby.
No target in view!
No target in view!
An adder and a ribbon worm come into view.
The ribbon worm expels a string of sticky webbing.
The stream of webbing hits you but does no damage.
You are caught in a web!
There is a web here.
You struggle to detach yourself from the web.
There are monsters nearby!
The web tears apart.
The ribbon worm closely misses you.
You hit the ribbon worm.
The adder hisses angrily.
There are monsters nearby!
You hit the ribbon worm. The ribbon worm bites you.
You hit the ribbon worm. The ribbon worm bites you! 😮 HP[-9]
You take 9 damage, and now have 17/26 hp.
MASSIVE DAMAGE!! (PAUSE)
The adder attacks as it pursues you! The adder bites you.
You are poisoned.
The adder poisons you! 😮 HP[-1]
You take 1 damage, and now have 16/26 hp.
Unknown command.
You hit the adder.
You feel sick. The adder bites you.
* * * LOW HITPOINT WARNING * * *
The adder bites you but does no damage. 😨 HP[-4]
You take 4 damage, and now have 12/26 hp.
Unknown command.
You punch the adder!
You kill the adder!
You feel sick. 😨 HP[-1]
You take 1 damage, and now have 11/26 hp.
You feel sick. The ribbon worm bites you.
* * * LOW HITPOINT WARNING * * *
You see here an adder corpse. 😨 HP[-3]
You take 3 damage, and now have 8/26 hp.
Unknown command.
You hit the ribbon worm but do no damage.
You feel sick. The ribbon worm bites you!
You die...

Skill      XL: |  1  2 |
---------------+-------+-----
Shapeshifting  | 3 |  3.7
Unarmed Combat | 3 |  3.3
Fighting       | |  1.0
Dodging        | |  1.7

Action                     || total
---------------------------++-------
  Melee: Unarmed           ||   110
         Punch             ||     1
    Use: Scroll            ||     2
   Stab: Sleeping          ||     6
 Armour: Animal skin       ||    55
  Dodge: Dodged            ||    67

Levels and vault maps discovered:
D:1:      sevenhm_arrival_forest_fort_small_6, layout_loops_ring, serial_shops,
          shop, minmay_pentomino_x4
D:2:      layout_loops_ring, serial_shops, nicolae_shop_tiny_statue_garden,
          nicolae_shop_getting_attention, nicolae_shop_tiny_statue_garden,
          nicolae_shop_advertising_works [nicolae_subvault_shop_adworks]
D:3:      layout_loops_corners, nrook_uturn, kennysheep_generic_room_9,
          uniq_jessica

Notes
Turn   | Place    | Note
-------+----------+-------------------------------------------
     0 | D:1      | kae the Demonspawn Shapeshifter began the quest for the
                  | Orb.
     0 | D:1      | Reached XP level 1. HP: 15/15 MP: 1/1
     0 | D:1      | magus.rc [v1.11.3]
   184 | D:1      | Reached skill level 3 in Shapeshifting
   191 | D:1      | You feel monstrous as your demonic heritage exerts itself.
   191 | D:1      | Discovered your monstrous ancestry.
   191 | D:1      | Gained mutation: You have a pair of small antennae on your
                  | head. [demonic ancestry]
   191 | D:1      | Reached XP level 2. HP: 8/21 MP: 2/2
   307 | D:1      | Reached skill level 3 in Unarmed Combat
   447 | D:1      | You pick up a book of the Senses and begin reading...
   447 | D:1      | You add the spells Dazzling Flash, Mephitic Cloud, Curse of
                  | Agony and Silence to your library.
   494 | D:1      | Found Fahong's Distillery.
   949 | D:2      | Gained mutation: You have a pair of antennae on your head.
                  | [demonic ancestry]
   949 | D:2      | Reached XP level 3. HP: 24/26 MP: 3/3
  1277 | D:2      | Found Ehouh's Armour Shoppe.
  1287 | D:2      | Found Ofehabb's Weapon Shop.
  1403 | D:2      | Found Dyirieko's Antique Armour Shop.
  1533 | D:2      | Found Mobbam's Weapon Boutique.
  1858 | D:3      | Slain by a ribbon worm

Vanquished Creatures
  2 adders
  3 dart slugs
  6 endoplasms
  2 giant cockroaches
  4 goblins
  4 hobgoblins (D:1)
  3 jackals (D:2)
  A quokka (D:1)
  5 ball pythons
  2 bats (D:1)
  A frilled lizard (D:1)
  5 kobolds
  A rat (D:1)
39 creatures vanquished.

Table legend:
 A = Non-vault XP
 B = Vault XP
 C = Vault XP percentage of total XP
 D = Non-vault monster count
 E = Vault monster count
 F = Vault count percentage of total count
                 A         B        C        D         E       F
            +---------+---------+-------+---------+---------+-------
      Total |      89 |       6 |   6.3 |      35 |       4 |  10.3
            +---------+---------+-------+---------+---------+-------
        D:1 |      31 |       6 |  16.2 |      16 |       4 |  20.0
        D:2 |      41 |       0 |   0.0 |      16 |       0 |   0.0
        D:3 |      17 |       0 |   0.0 |       3 |       0 |   0.0
            +---------+---------+-------+---------+---------+-------

Skill      XL: |  1  2 |
---------------+-------+-----
Shapeshifting  | 3 |  3.7
Unarmed Combat | 3 |  3.3
Fighting       | |  1.0
Dodging        | |  1.7

Action                     || total
---------------------------++-------
  Melee: Unarmed           ||   110
         Punch             ||     1
    Use: Scroll            ||     2
   Stab: Sleeping          ||     6
 Armour: Animal skin       ||    55
  Dodge: Dodged            ||    67

Illustrated notes

Table legend:
 A = Kills in this place as a percentage of kills in the entire game.
 B = Kills by you in this place as a percentage of kills by you in the entire game.
 C = Kills by friends in this place as a percentage of kills by friends in the entire game.
 D = Other kills in this place as a percentage of other kills in the entire game.
 E = Experience gained in this place as a percentage of experience gained in the entire game.
 F = Experience gained in this place divided by the number of levels of this place that you have seen.
                   A       B       C       D       E      F
               +-------+-------+-------+-------+-------+----------------------
         Total | 100.0 | 100.0 |   N/A |   N/A | 100.0 |  31.7
       Dungeon | 100.0 | 100.0 |   N/A |   N/A | 100.0 |  31.7
               +-------+-------+-------+-------+-------+----------------------

Table legend: (Time is in decaauts)
 A = Elapsed time spent in this place.
 B = Non-inter-level travel time spent in this place.
 C = Inter-level travel time spent in this place.
 D = Time resting spent in this place.
 E = Time spent auto-exploring this place.
 F = Levels seen in this place.
 G = Mean time per level.
                   A        B        C        D        E       F      G
               +--------+--------+--------+--------+--------+-----+--------+
         Total |   1852 |   1794 |     58 |     37 |   1501 |   3 |  617.3 |
       Dungeon |   1852 |   1794 |     58 |     37 |   1501 |   3 |  617.3 |
               +--------+--------+--------+--------+--------+-----+--------+

Top non-repeatable levels by time:
     D:1: 941 daAuts
     D:2: 825 daAuts
     D:3: 85 daAuts
